% Time on Ice - LONG BEACH BARACUDAS
Lines # - Real PCT - Wanted PCT - Time Play
Normal Forward
1 - 36% - 40% - 21:19
2 - 32% - 33% - 19:13
3 - 19% - 18% - 11:13
4 - 13% - 9% - 7:38
Normal Defense
1 - 35% - 40% - 20:58
2 - 28% - 30% - 16:20
3 - 28% - 15% - 16:22
4 - 10% - 15% - 5:43
PP Forward
1 - 0% - 51%
2 - 0% - 49%
PP Defense
1 - 0% - 55%
2 - 0% - 45%
PK Forward
1 - 0% - 60%
2 - 0% - 40%
PK Defense
1 - 0% - 55%
2 - 0% - 45%
PK3 Forward
1 - 0% - 55%
2 - 0% - 45%
PK3 Defense
1 - 0% - 55%
2 - 0% - 45%
44 Forward
1 - 0% - 55%
2 - 0% - 45%
44 Defense
1 - 0% - 55%
2 - 0% - 45%
Last Minute Offensive  - 0:37
Last Minute Defensive  - 0:00
Total
Forward - 60:00
Defense - 60:00
% Time on Ice - WINNIPEG BEAVERS
Lines # - Real PCT - Wanted PCT - Time Play
Normal Forward
1 - 35% - 38% - 20:52
2 - 32% - 34% - 19:10
3 - 24% - 22% - 14:21
4 - 8% - 6% - 4:40
Normal Defense
1 - 26% - 33% - 15:32
2 - 30% - 32% - 17:33
3 - 34% - 27% - 20:20
4 - 10% - 8% - 5:38
PP Forward
1 - 0% - 53%
2 - 0% - 47%
PP Defense
1 - 0% - 53%
2 - 0% - 47%
PK Forward
1 - 0% - 50%
2 - 0% - 50%
PK Defense
1 - 0% - 53%
2 - 0% - 47%
PK3 Forward
1 - 0% - 50%
2 - 0% - 50%
PK3 Defense
1 - 0% - 50%
2 - 0% - 50%
44 Forward
1 - 0% - 50%
2 - 0% - 50%
44 Defense
1 - 0% - 52%
2 - 0% - 48%
Last Minute Offensive  - 0:00
Last Minute Defensive  - 0:57
Total
Forward - 60:00
Defense - 60:00
Play-by-Play 1st period 0:01 of 1st period - Mika Zibanejad wins face-off versus Steven Stamkos in neutral zone. 0:08 of 1st period - Shot by Brad Marchand. 0:08 of 1st period - Stopped by Brian Elliott without a rebound. 0:09 of 1st period - Joe Pavelski wins face-off versus Brock Nelson in LONG BEACH BARACUDAS zone. 0:20 of 1st period - Shot by Joe Pavelski. 0:20 of 1st period - Stopped by Brian Elliott without a rebound. 0:21 of 1st period - Mikael Granlund wins face-off versus Sean Kuraly in LONG BEACH BARACUDAS zone. 0:39 of 1st period - Shot by J.T. Compher. 0:39 of 1st period - Deflect By Mikael Granlund. 0:39 of 1st period - Shot Misses the Net. 0:52 of 1st period - Shot by J.T. Compher. 0:52 of 1st period - Stopped by Sergei Bobrovsky without a rebound. 0:53 of 1st period - Mika Zibanejad wins face-off versus Steven Stamkos in WINNIPEG BEAVERS zone. 1:11 of 1st period - Icing by Alex Pietrangelo. 1:12 of 1st period - Steven Stamkos wins face-off versus Joe Pavelski in LONG BEACH BARACUDAS zone. 1:12 of 1st period - Steven Stamkos is hit by Brandon Tanev. 1:30 of 1st period - Shot by Steven Stamkos. 1:30 of 1st period - Stopped by Sergei Bobrovsky with a rebound. 1:32 of 1st period - Shot by Alex Pietrangelo. 1:32 of 1st period - Stopped by Sergei Bobrovsky with a rebound. 2:30 of 1st period - Shot by Taylor Hall. 2:30 of 1st period - Shot Misses the Net. 3:35 of 1st period - Shot by Patrick Marleau. 3:35 of 1st period - Stopped by Brian Elliott without a rebound. 3:36 of 1st period - Colin Wilson wins face-off versus Steven Stamkos in LONG BEACH BARACUDAS zone. 4:15 of 1st period - Shot by Steven Stamkos. 4:15 of 1st period - Shot Blocked by Carson Soucy. 5:07 of 1st period - Shot by Ondrej Palat. 5:07 of 1st period - Deflect By Joe Pavelski. 5:07 of 1st period - Stopped by Brian Elliott with a rebound. 5:09 of 1st period - Shot by Joe Pavelski. 5:09 of 1st period - Deflect By Ondrej Palat. 5:09 of 1st period - Stopped by Brian Elliott with a rebound. 5:23 of 1st period - Shot by Brock Nelson. 5:23 of 1st period - Stopped by Sergei Bobrovsky without a rebound. 5:24 of 1st period - Derek Stepan wins face-off versus Sean Kuraly in WINNIPEG BEAVERS zone. 5:37 of 1st period - Shot by J.T. Compher. 5:37 of 1st period - Shot Misses the Net. 5:56 of 1st period - Shot by Patrick Marleau. 5:56 of 1st period - Goal by Patrick Marleau - LONG BEACH BARACUDAS : 0 - WINNIPEG BEAVERS : 1. 5:57 of 1st period - Steven Stamkos wins face-off versus Mika Zibanejad in neutral zone. 6:07 of 1st period - Shot by Alexander Radulov. 6:07 of 1st period - Stopped by Brian Elliott without a rebound. 6:08 of 1st period - Brock Nelson wins face-off versus Ondrej Palat in LONG BEACH BARACUDAS zone. 6:15 of 1st period - Shot by Brock Nelson. 6:15 of 1st period - Stopped by Sergei Bobrovsky without a rebound. 6:16 of 1st period - Brock Nelson wins face-off versus Mika Zibanejad in WINNIPEG BEAVERS zone. 6:21 of 1st period - Shot by Reyley Smith. 6:21 of 1st period - Stopped by Sergei Bobrovsky without a rebound. 6:22 of 1st period - Steven Stamkos wins face-off versus Mika Zibanejad in WINNIPEG BEAVERS zone. 6:22 of 1st period - Steven Stamkos is hit by Ian Cole. 6:31 of 1st period - Off-side. 6:32 of 1st period - Mika Zibanejad wins face-off versus Brock Nelson in neutral zone. 7:52 of 1st period - Icing by Ondrej Palat. 7:53 of 1st period - Joe Pavelski wins face-off versus J.T. Compher in WINNIPEG BEAVERS zone. 8:09 of 1st period - Shot by J.T. Compher. 8:09 of 1st period - Deflect By Mikael Granlund. 8:09 of 1st period - Stopped by Sergei Bobrovsky without a rebound. 8:10 of 1st period - Steven Stamkos wins face-off versus Sean Kuraly in WINNIPEG BEAVERS zone. 8:31 of 1st period - Shot by Joel Armia. 8:31 of 1st period - Stopped by Brian Elliott without a rebound. 8:32 of 1st period - Derek Stepan wins face-off versus Mika Zibanejad in LONG BEACH BARACUDAS zone. 8:53 of 1st period - J.T. Compher is hit by Alexander Radulov and loses puck. 9:04 of 1st period - Shot by Brad Marchand. 9:04 of 1st period - Goal by Brad Marchand - LONG BEACH BARACUDAS : 0 - WINNIPEG BEAVERS : 2. 9:05 of 1st period - Steven Stamkos wins face-off versus Sean Kuraly in neutral zone. 9:39 of 1st period - Shot by Patrick Marleau. 9:39 of 1st period - Shot Misses the Net. 9:41 of 1st period - Shot by Kris Russell. 9:41 of 1st period - Stopped by Brian Elliott without a rebound. 9:42 of 1st period - Joe Pavelski wins face-off versus Pierre-Edouard Bellemare in LONG BEACH BARACUDAS zone. 9:56 of 1st period - Icing by Ron Hainsey. 9:57 of 1st period - Mika Zibanejad wins face-off versus Pierre-Edouard Bellemare in LONG BEACH BARACUDAS zone. 10:54 of 1st period - Alex Pietrangelo is hit by Brandon Tanev and loses puck. 11:36 of 1st period - Icing by Brandon Montour. 11:37 of 1st period - Sean Kuraly wins face-off versus Steven Stamkos in LONG BEACH BARACUDAS zone. 11:51 of 1st period - Icing by Jaden Schwartz. 11:52 of 1st period - Mika Zibanejad wins face-off versus Steven Stamkos in LONG BEACH BARACUDAS zone. 11:55 of 1st period - Shot by Mika Zibanejad. 11:55 of 1st period - Stopped by Brian Elliott without a rebound. 11:56 of 1st period - Brock Nelson wins face-off versus Sean Kuraly in LONG BEACH BARACUDAS zone. 12:23 of 1st period - Shot by Reyley Smith. 12:23 of 1st period - Stopped by Sergei Bobrovsky without a rebound. 12:24 of 1st period - Steven Stamkos wins face-off versus Joe Pavelski in WINNIPEG BEAVERS zone. 13:57 of 1st period - Shot by Reyley Smith. 13:57 of 1st period - Shot Misses the Net. 14:29 of 1st period - Shot by J.T. Compher. 14:29 of 1st period - Shot Blocked by Kris Russell. 14:31 of 1st period - Shot by Mikael Granlund. 14:31 of 1st period - Stopped by Sergei Bobrovsky without a rebound. 14:32 of 1st period - Sean Kuraly wins face-off versus Steven Stamkos in WINNIPEG BEAVERS zone. 14:41 of 1st period - Shot by Joel Armia. 14:41 of 1st period - Shot Misses the Net. 14:43 of 1st period - Shot by Patrick Marleau. 14:43 of 1st period - Stopped by Brian Elliott without a rebound. 14:44 of 1st period - Derek Stepan wins face-off versus Colin Wilson in LONG BEACH BARACUDAS zone. 15:11 of 1st period - Shot by Mikael Granlund. 15:11 of 1st period - Goal by Mikael Granlund - LONG BEACH BARACUDAS : 1 - WINNIPEG BEAVERS : 2. 15:12 of 1st period - Brock Nelson wins face-off versus Sean Kuraly in neutral zone. 15:39 of 1st period - Shot by Reyley Smith. 15:39 of 1st period - Shot Misses the Net. 16:43 of 1st period - Shot by Jaden Schwartz. 16:43 of 1st period - Stopped by Sergei Bobrovsky without a rebound. 16:44 of 1st period - Joe Pavelski wins face-off versus J.T. Compher in WINNIPEG BEAVERS zone. 17:18 of 1st period - Shot by Mikael Granlund. 17:18 of 1st period - Stopped by Sergei Bobrovsky without a rebound. 17:19 of 1st period - Steven Stamkos wins face-off versus Brad Marchand in WINNIPEG BEAVERS zone. 17:38 of 1st period - Shot by Jaden Schwartz. 17:38 of 1st period - Shot Misses the Net. 17:49 of 1st period - Off-side. 17:50 of 1st period - Brock Nelson wins face-off versus Sam Lafferty in neutral zone. 18:37 of 1st period - Icing by Sam Lafferty. 18:38 of 1st period - Colin Wilson wins face-off versus Steven Stamkos in WINNIPEG BEAVERS zone. 19:03 of 1st period - Shot by Kyle Palmieri. 19:03 of 1st period - Shot Blocked by Anthony DeAngelo. 19:05 of 1st period - Shot by Steven Stamkos. 19:05 of 1st period - Shot Misses the Net. Goals for this period are 1 for LONG BEACH BARACUDAS vs 2 for WINNIPEG BEAVERS. Shots for this period are 12 for LONG BEACH BARACUDAS vs 12 for WINNIPEG BEAVERS. 2nd period 0:01 of 2nd period - Brock Nelson wins face-off versus Joe Pavelski in neutral zone. 0:22 of 2nd period - Shot by Brock Nelson. 0:22 of 2nd period - Deflect By Taylor Hall. 0:22 of 2nd period - Stopped by Sergei Bobrovsky with a rebound. 0:24 of 2nd period - Shot by Reyley Smith. 0:24 of 2nd period - Shot Misses the Net. 0:26 of 2nd period - Shot by Alex Pietrangelo. 0:26 of 2nd period - Stopped by Sergei Bobrovsky without a rebound. 0:27 of 2nd period - Mika Zibanejad wins face-off versus Steven Stamkos in WINNIPEG BEAVERS zone. 0:42 of 2nd period - Kris Russell is hit by Jaden Schwartz. 0:43 of 2nd period - Kris Russell from WINNIPEG BEAVERS is injured at 0:43 of 2nd period (Bruised Right Shoulder). 0:44 of 2nd period - Brock Nelson wins face-off versus Sean Kuraly in WINNIPEG BEAVERS zone. 0:56 of 2nd period - Taylor Hall is hit by Anthony DeAngelo and loses puck. 1:09 of 2nd period - Shot by Joel Armia. 1:09 o